 Dungeon Crawl Stone Soup version 0.22-a0-571-g4a923d4b9e (webtiles) character file.

125 PikkenKukken the Skirmisher (level 4, -6/41 HPs)
             Began as a Minotaur Abyssal Knight on July 1, 2018.
             Was a Believer of Lugonu.
             Killed by divine providence
             ... invoked by an orc priest
              (10 damage)
             ... on level 3 of the Dungeon.
             The game lasted 00:04:27 (2549 turns).

PikkenKukken the Skirmisher (MiAK)                  Turns: 2549, Time: 00:04:28

Health: -6/41      AC:  7    Str: 17    XL:     4   Next: 82%
Magic:  0/4        EV: 12    Int:  9    God:    Lugonu [**....]
Gold:   74         SH:  0    Dex: 10    Spells: 3/3 levels left

rFire    . . .     SeeInvis .   a - +1 hand axe
rCold    . . .     Gourm    .   (no shield)
rNeg     . . .     Faith    .   b - +0 leather armour
rPois    .         Spirit   +   (helmet restricted)
rElec    .         Reflect  .   n - +1 cloak
rCorr    .         Harm     .   f - +1 pair of gloves
MR       .....                  (no boots)
Stlth    +.........             i - amulet of guardian spirit
HPRegen  0.13/turn              (no ring)
MPRegen  0.09/turn              (no ring)

@: no status effects
A: retaliatory headbutt, horns 2
a: Depart the Abyss, Bend Space, Renounce Religion


You were on level 3 of the Dungeon.
You worshipped Lugonu.
Lugonu was pleased with you.
You were not hungry.

You visited 1 branch of the dungeon, and saw 3 of its levels.
You visited the Abyss 1 time.

You collected 74 gold pieces.

Inventory:

Hand Weapons
 a - a +1 hand axe (weapon)
Missiles
 g - 17 bolts
 l - 33 arrows
Armour
 b - a +0 leather armour (worn)
 f - a +1 pair of gloves (worn)
 n - a +1 cloak (worn)
Jewellery
 i - an amulet of guardian spirit (around neck)
Scrolls
 h - 3 scrolls of remove curse
 m - a scroll of fog
Potions
 d - a potion of brilliance
 e - a potion of might
Comestibles
 c - 7 rations
 j - 7 chunks of flesh


   Skills:
 + Level 4.9 Fighting
 + Level 3.4 Axes
 + Level 3.5 Armour
 + Level 2.1 Dodging
 + Level 2.4 Invocations


You had 3 spell levels left.
You didn't know any spells.
Your spell library was empty.

Dungeon Overview and Level Annotations

Branches:
Dungeon (3/15)

Altars:
Gozag
Ru


Innate Abilities, Weirdness & Mutations

You reflexively headbutt those who attack you in melee.
You have a pair of horns on your head.


Message History

The orc priest is moderately wounded.
The orc priest hits you but does no damage.
You hit the orc priest.
The orc priest is heavily wounded.
The orc priest hits you with a flail.
* * * LOW HITPOINT WARNING * * *
You closely miss the orc priest.
The orc priest is heavily wounded.
You hit the orc priest but do no damage.
The orc priest is heavily wounded.
The orc priest barely misses you.
You barely miss the orc priest.
The orc priest is heavily wounded.
The orc priest closely misses you.
You hit the orc priest but do no damage.
You headbutt the orc priest.
The orc priest is almost dead.
The orc priest calls down the wrath of Beogh upon you.
Beogh smites you!
You die...

#..## #..#
#..<.......
#...# #.##
#..).......
#.#.# #.#
####..#####
...#.# #.#
##....#
##.##.# ##.#
##..##.#####
#. #.# #..#
#..###......
#. #.. #.##
#.## #.#####
#..###[#
######## #
#....@#
#P^P..#####
####o)#
#..P.P#..##
#...
#P._...#.#.
.#..#
#PP..^###.#
#....#
#PP^P.# ###
......
#######
..##.#. ###
#...#


You could see an orc priest.

Vanquished Creatures
  A bullfrog skeleton (D:3)
  2 adders (D:2)
  An ooze (D:3)
  2 worms (D:2)
  A dart slug (D:2)
  3 leopard geckos
  3 orcs (D:3)
  2 ball pythons (D:2)
  10 bats
  2 giant cockroaches
  4 goblins
  5 hobgoblins
  6 jackals
  5 kobolds
  A quokka (D:3)
  6 frilled lizards
  7 rats
61 creatures vanquished.

Notes
Turn   | Place    | Note
-------+----------+-------------------------------------------
     0 | Abyss:1  | PikkenKukken the Minotaur Abyssal Knight began the quest for the Orb.
     0 | Abyss:1  | Reached XP level 1. HP: 19/19 MP: 1/1
    21 | Abyss:1  | Found a corrupted altar of Lugonu.
    69 | Abyss:1  | Noticed an ancient zyme
    70 | D:1      | Escaped the Abyss
   209 | D:1      | Reached * piety under Lugonu
   221 | D:1      | Reached skill level 4 in Fighting
   250 | D:1      | Reached XP level 2. HP: 16/27 MP: 2/2
  1040 | D:2      | Found an opulent altar of Gozag.
  1186 | D:2      | Reached XP level 3. HP: 34/34 MP: 1/3
  1704 | D:2      | Reached XP level 4. HP: 38/41 MP: 4/4
  1855 | D:2      | Reached ** piety under Lugonu
  2281 | D:3      | Found a sacrificial altar of Ru.
  2549 | D:3      | Killed from afar by an orc priest

Vault maps used:
D:1:      scummos_arrival_simple_fountains, kennysheep_nondescript,
          roderic_serpentine_path
D:2:      nicolae_gozag_seed_capital, first_ration, minmay_door_square
D:3:      lemuel_doored_altar, nicolae_ru_the_path_less_chosen, uniq_ijyb
Abyss:1:  bh_abyss_negative, lemuel_flamethrower_2

Skill      XL: |  1  2  3  4 |
---------------+-------------+-----
Fighting       | 4 |  4.9
Armour         | 3 |  3.5
Invocations    | 2 |  2.4
Axes           | 3 |  3.4
Dodging        | 2 |  2.1

Action                   |  1- 3 |  4- 6 || total
-------------------------+-------+-------++-------
Melee: Hand axe          |    88 |    40 ||   128
       Headbutt          |    11 |     7 ||    18
Invok: Depart the Abyss  |     1 |       ||     1
  Use: Scroll            |     4 |     4 ||     8
       Potion            |       |     1 ||     1
  Eat: Chunk             |     2 |     3 ||     5
Armor: Leather armour    |    37 |    20 ||    57
Dodge: Dodged            |    56 |    29 ||    85

Table legend:
 A = Spawn XP
 B = Non-spawn XP
 C = Spawn XP percentage of total XP
 D = Spawn monster count
 E = Non-spawn monster count
 F = Spawn count percentage of total count
 G = Total turns spent on level
                    A         B        C        D         E        F      G
               +---------+---------+-------+---------+---------+-------+---------
         Total |       0 |     179 |   0.0 |       0 |      61 |   0.0 |  2549
               +---------+---------+-------+---------+---------+-------+---------
           D:1 |       0 |      30 |   0.0 |       0 |      18 |   0.0 |   970
           D:2 |       0 |      77 |   0.0 |       0 |      29 |   0.0 |  1202
           D:3 |       0 |      72 |   0.0 |       0 |      14 |   0.0 |   307
               +---------+---------+-------+---------+---------+-------+---------
